 Dungeon Crawl Stone Soup version 0.31-a0-227-ga22c3bf811 (webtiles) character file.

Game seed: 4291626836300273872

39 BritishOli the Trooper (level 3, 0/29 HPs)
             Began as a Demonspawn Fighter on July 6, 2023.
             Succumbed to a scorpion's poison
             ... on level 2 of the Dungeon.
             The game lasted 00:01:17 (880 turns).

BritishOli the Trooper (Demonspawn Fighter)          Turns: 880, Time: 00:01:17

Health: 0/29       AC:  6    Str: 18    XL:     3   Next: 28%
Magic:  3/3        EV:  9    Int:  9    God:
Gold:   40         SH:  4    Dex: 12    Spells: 2/2 levels left

rFire   . . .        h - +0 short sword (speed)
rCold   . . .        c - +0 buckler
rNeg    . . .        b - +0 scale mail
rPois   .            (no helmet)
rElec   .            (no cloak)
rCorr   .            (no gloves)
SInv    .            (no boots)
Will    .....        (no amulet) Stlth
                     (no ring)
HPRegen 0.24/turn    (no ring)
MPRegen 0.08/turn

%: no passive effects
@: mighty, lethally poisoned (0 -> -10)
A: claws 1, weakness stinger 1
a: no special abilities


You were on level 2 of the Dungeon.
You visited 1 branch of the dungeon, and saw 2 of its levels.

You collected 40 gold pieces.

Inventory:

Hand Weapons
 h - a +0 short sword of speed (weapon)
Armour
 b - a +0 scale mail (worn)
 c - a +0 buckler (worn)
Scrolls
 a - a scroll of teleportation {unknown}
 e - a scroll of noise {unknown}
 f - a scroll of torment {unknown}
 g - a scroll of enchant armour {unknown}


   Skills:
 + Level 3.4 Fighting
 - Level 2.0 Long Blades
 + Level 3.1 Armour
 + Level 0.5 Dodging
 - Level 3.0 Shields


You had 2 spell levels left.
You didn't know any spells.
Your spell library contained the following spells:

 Spells                   Type           Power      Damage    Failure   Level
 Magic Dart               Conj           0%         1d3       85%         1
 Necrotise                Necr           0%         1d4       85%         1
 Call Imp                 Summ           0%         N/A       94%         2
 Mephitic Cloud           Conj/Pois/Air  0%         N/A       99%         3
 Vampiric Draining        Necr           0%         2d6       99%         3
 Agony                    Necr           0%         N/A       100%        5


Dungeon Overview and Level Annotations

Branches:
Dungeon (2/15)

Altars:

Shops:
D:1 :


Innate Abilities, Weirdness & Mutations

You have sharp fingernails.
You have a small tail.


Message History

Found 4 stones.
No target in view!
No target in view!
A scorpion comes into view.
A scorpion is nearby!
The scorpion stings you. x2
You are poisoned.
The scorpion poisons you!
You barely miss the scorpion. You tail-slap the scorpion.
The scorpion is lightly wounded.
You feel very sick.
You closely miss the scorpion.
You tail-slap the scorpion, but do no damage.
The scorpion is lightly wounded.
You feel sick.
The scorpion stings you but does no damage.
You hit the scorpion but do no damage.
The scorpion is lightly wounded.
You feel sick. You block the scorpion's attack.
You hit the scorpion but do no damage.
The scorpion is lightly wounded.
You feel sick. The scorpion stings you.
You are lethally poisoned!
The scorpion poisons you!
You hit the scorpion but do no damage. You tail-slap the scorpion.
The scorpion is moderately wounded.
You feel very sick. The scorpion stings you.
* * * LOW HITPOINT WARNING * * *
You hit the scorpion but do no damage.
The scorpion is moderately wounded.
* * * LOW HITPOINT WARNING * * *
You feel sick.
You feel very mighty all of a sudden.
* * * LOW HITPOINT WARNING * * *
You feel very sick.
The scorpion stings you but does no damage.
You closely miss the scorpion.
The scorpion is moderately wounded.
You die...

###.# ###.##.....
#...# #.###..###
#.### #.# ... #.#
#.# #.## ##.## #.#
#####...####### #.#
...............##
.#####...####..(##.
..........@s......
#####....###...###
#.###. ..... ... .#
#### #.##. .# # #.
##


You could see a scorpion.

Vanquished Creatures
  3 dart slugs (D:1)
  A bat (D:1)
  An endoplasm (D:1)
  2 giant cockroaches (D:1)
  4 goblins
  6 hobgoblins
  5 kobolds (D:1)
  2 quokkas (D:1)
  5 rats (D:1)
29 creatures vanquished.

Notes
Turn   | Place    | Note
-------+----------+-------------------------------------------
     0 | D:1      | BritishOli the Demonspawn Fighter began the quest for the
                  | Orb.
     0 | D:1      | Reached XP level 1. HP: 18/18 MP: 1/1
   180 | D:1      | Discovered your monstrous ancestry.
   180 | D:1      | Gained mutation: You have sharp fingernails. [demonic
                  | ancestry]
   180 | D:1      | Reached XP level 2. HP: 23/24 MP: 2/2
   487 | D:1      | Gained mutation: You have a small tail. [demonic ancestry]
   487 | D:1      | Reached XP level 3. HP: 29/29 MP: 3/3
   495 | D:1      | Found Roygrymi's Book Shoppe.
   869 | D:2      | Noticed a scorpion
   880 | D:2      | Succumbed to a scorpion's poison

Illustrated notes

Levels and vault maps discovered:
D:1:      lemuel_arrival_funnel, layout_loops_ring, serial_shops, shop
D:2:      layout_loops_ring, nicolae_shop_vocational

Skill      XL: |  1  2 |
---------------+-------+-----
Long Blades    | 2 |  2.0
Armour         | 3 |  3.1
Shields        | 3 |  3.0
Fighting       | |  3.4
Dodging        | |  0.5

Action                     || total
---------------------------++-------
  Melee: Long sword        ||    79
         Short sword       ||    13
         Tailslap          ||     5
    Use: Potion            ||     1
 Armour: Scale mail        ||    36
  Dodge: Dodged            ||    31
  Block: Buckler           ||    21

Table legend: (Time is in decaauts)
 A = Elapsed time spent in this place.
 B = Non-inter-level travel time spent in this place.
 C = Inter-level travel time spent in this place.
 D = Time resting spent in this place.
 E = Time spent auto-exploring this place.
 F = Levels seen in this place.
 G = Mean time per level.
                   A        B        C        D        E       F      G
               +--------+--------+--------+--------+--------+-----+--------+
         Total |    902 |    890 |     12 |      0 |    689 |   2 |  451.0 |
       Dungeon |    902 |    890 |     12 |      0 |    689 |   2 |  451.0 |
               +--------+--------+--------+--------+--------+-----+--------+

Top non-repeatable levels by time:
     D:1: 814 daAuts
     D:2: 87 daAuts
